Map: Deathaura LE

Players

Soza

  • Race: Terran Terran
  • League: Master
  • Spawn Location: 5:00

MarcoMan - Winner!

  • Race: Protoss Protoss
  • League: Master
  • Spawn Location: 11:00

VOD

Have the link to the VOD?

Description

Time

  • Played on: Jan. 15, 2021, 12:18 a.m.
  • Length: 5:39
Show
View Real Time Build Order
Export as new Build Order

Soza Terran 

Build Orders:  

Get SALT Encoding   

  12  0:00  SCV  
  13  0:12  SCV  
  14  0:18  Supply Depot  
  14  0:25  SCV  
  15  0:41  Barracks  
  15  0:42  SCV  
  16  0:46  Refinery  
  16  0:54  SCV  
  17  1:14  SCV  
  18  1:28  SCV  
  18  1:30  Marine  
  20  1:41  SCV  
  21  1:50  Reaper  
  21  1:53  Supply Depot  
  22  1:55  Bunker  
  22  1:56  Supply Depot  
  22  2:00  SCV  
  19  2:21  Orbital Command  
  19  2:22  Supply Depot, Reaper  
  17  3:07  Factory  
  17  3:08  SCV  
  11  3:54  Factory Tech Lab  
  5  4:13  Siege Tank  
  7  4:22  Orbital Command  
  9  4:46  Hellion  
  9  5:01  SCV  
Show
View Real Time Build Order
Export as new Build Order

MarcoMan Protoss - Winner!

Build Orders:  

Get SALT Encoding   

  12  0:00  Probe  
  13  0:13  Probe  
  14  0:19  Pylon  
  14  0:25  Probe  
  15  0:37  Probe  
  15  0:38  Forge  
  16  1:05  Pylon  
  16  1:07  Pylon  
  16  1:08  Pylon  
  16  1:28  Photon Cannon  
  16  1:29  Gateway  
  16  1:33  Pylon  
  16  1:36  Assimilator  
  16  1:39  Probe  
  17  1:49  Pylon  
  17  1:52  Probe  
  17  2:04  Photon Cannon  
  17  2:07  Photon Cannon  
  17  2:15  Zealot (Chrono Boost)  
  19  2:23  Assimilator, Probe  
  20  2:33  Zealot  
  20  2:35  Probe  
  23  2:42  Photon Cannon  
  21  3:03  Cybernetics Core  
  21  3:22  Probe  
  23  3:34  Probe  
  23  3:46  Probe  
  23  3:48  Assimilator, Shield Battery  
  24  3:49  Shield Battery  
  24  4:04  Stargate  
  24  4:13  Probe  
  25  4:20  Pylon  
  25  4:21  Stalker  
  27  4:39  Void Ray (Chrono Boost)  
  27  4:47  Shield Battery  
  30  4:55  Shield Battery  
  30  4:56  Pylon  
Tags
 
Matchup
PvT
Replay Pack
Weekend
Spawn Locations
Cross Positions
Add a new tag
Caveats
  • Supply blocks, unpowered buildings, or Contaminate may cause inaccurate times.
  • Supply counts are checked every 10 seconds.